 Dungeon Crawl Stone Soup version 0.25.0-9-g26727b657a (webtiles) character file.

Game seed: 4570054731335129506

238942 Flugkiller the Severer (level 18, -2/160 HPs)
             Began as a Deep Dwarf Fighter on June 20, 2020.
             Was the Champion of Makhleb.
             Slain by a reaper
             ... wielding a +1 scythe
              (21 damage)
             ... on level 5 of the Abyss.
             The game lasted 00:20:34 (23284 turns).

Flugkiller the Severer (Deep Dwarf Fighter)        Turns: 23284, Time: 00:20:35

Health: -2/160     AC: 29    Str: 28      XL:     18   Next: 57%
Magic:  2/2        EV:  5    Int: -3 (2)  God:    Makhleb [******]
Gold:   1759       SH: 14    Dex: 11 (12) Spells: 17/17 levels left

rFire    + . .     SeeInvis .   P - +2 war axe (flame)
rCold    . . .     Gourm    .   c - +0 kite shield
rNeg     + . .     Faith    .   a - +2 plate armour {rF+}
rPois    +         Spirit   .   n - +2 hat {MR+}
rElec    +         Reflect  .   L - +1 cloak {rPois}
rCorr    .         Harm     .   C - +1 pair of gloves
MR       ++++.     Rnd*Tele +   b - +1 pair of boots of the Tuna {Str+5}
Stlth    ..........             (no amulet)
HPRegen  0.00/turn              p - +4 ring of protection
MPRegen  0.08/turn              B - ring "Zodefym" {rElec MR+ Int-4 Dex+4}

@: non-regenerating, slowed, lost intelligence, constricted, very slow
A: damage resistance, heal wounds, claws 1, blurry vision 1[+2], [clumsy 2],
[deformed body], [deterioration 2], dopey 1[+1], frail 1, low mp 1, negative
energy resistance 1, sense surroundings 3, [screaming 1], [teleportitis 3],
[weak 2], subdued magic 1[+2], no regeneration
}: 2/15 runes: barnacled, gossamer
a: Heal Wounds, Minor Destruction, Lesser Servant of Makhleb, Major Destruction,
Greater Servant of Makhleb, Renounce Religion


You were on level 5 of the Abyss.
You worshipped Makhleb.
Makhleb was exalted by your worship.
You were very hungry.

You visited 5 branches of the dungeon, and saw 31 of its levels.
You visited the Abyss 1 time.

You collected 1832 gold pieces.
You spent 73 gold pieces at shops.

Inventory:

Hand Weapons
 P - a +2 war axe of flaming (weapon)
   (You took it off an orc knight on level 2 of the Orcish Mines)
Missiles
 I - a throwing net (quivered)
Armour
 a - a +2 plate armour of fire resistance (worn)
   (You took it off an orc knight on level 2 of the Orcish Mines)
 b - the +1 pair of boots of the Tuna (worn) {Str+5}
   (You found it on level 4 of the Abyss)

   It affects your strength (+5).
 c - a +0 kite shield (worn)
 n - a +2 hat of magic resistance (worn)
   (You took it off Gastronok on level 2 of the Lair of Beasts)
 C - a +1 pair of gloves (worn)
   (You found it on level 10 of the Dungeon)
 L - a +1 cloak of poison resistance (worn)
   (You found it on level 6 of the Lair of Beasts)
Jewellery
 o - an uncursed ring of poison resistance
   (You found it on level 1 of the Lair of Beasts)
 p - a +4 ring of protection (left hand)
   (You found it on level 5 of the Dungeon)
 B - the ring "Zodefym" (right hand) {rElec MR+ Int-4 Dex+4}
   (You found it on level 2 of the Spider Nest)

   [ring of protection from magic]

   It affects your intelligence (-4).
   It affects your dexterity (+4).
   It insulates you from electricity.
   It affects your resistance to hostile enchantments.
 G - a +4 ring of protection
   (You found it on level 2 of the Orcish Mines)
 H - a +6 ring of strength
   (You found it on level 5 of the Lair of Beasts)
 M - the ring "Edaoxt" {+Fly rC++ Int+6 Stlth+}
   (You found it on level 14 of the Dungeon)

   [ring of flight]

   It affects your intelligence (+6).
   It greatly protects you from cold.
   It lets you fly.
   It makes you more stealthy.
Wands
 j - a wand of iceblast (38)
   (You found it on level 6 of the Lair of Beasts)
 s - a wand of paralysis (15)
   (You found it on level 6 of the Dungeon)
 v - a wand of digging (12)
   (You found it on level 9 of the Dungeon)
 J - a wand of acid (11)
   (You found it on level 6 of the Lair of Beasts)
 R - a wand of clouds (7)
   (You found it on level 4 of the Spider Nest)
Scrolls
 f - 3 scrolls of immolation
 k - 9 scrolls of magic mapping
 l - a scroll of silence
 m - a scroll of brand weapon
 r - 2 scrolls of identify
 t - 11 scrolls of teleportation
 x - 11 scrolls of remove curse
 y - a scroll of summoning
 z - 3 scrolls of blinking
 E - 3 scrolls of fear
 F - 2 scrolls of enchant weapon
 K - 2 scrolls of fog
Potions
 d - 4 potions of might
 g - 4 potions of lignification
 h - 5 potions of ambrosia
 i - 2 potions of stabbing
 q - 6 potions of curing
 w - 5 potions of heal wounds
 A - 6 potions of mutation
 D - 2 potions of cancellation
 O - 2 potions of brilliance
 Q - a potion of flight
Miscellaneous
 S - a tin of tremorstones (3/3)
   (You found it on level 4 of the Spider Nest)
Comestibles
 e - 38 rations


   Skills:
 + Level 15.0 Fighting
 - Level 18.0 Axes
 + Level 17.4 Armour
 - Level 15.0 Shields
 - Level 15.0 Invocations
 - Level 8.0 Evocations


You had 17 spell levels left.
You didn't know any spells.
Your spell library was empty.

Dungeon Overview and Level Annotations

Branches:
Dungeon (15/15)            Temple (0/1) D:6            Lair (6/6) D:11
 Shoals (4/4) Lair:2       Spider (4/4) Lair:4        Slime (0/5) Lair:6
    Orc (2/2) D:12            Elf (0/3) Orc:2        Depths (0/5) D:15
 Vaults: D:13-14

Altars:
Elyvilon
Kikubaaqudgha
Makhleb
Okawaru
Qazlal
Ru
Sif Muna
Uskayaw
Vehumet
Wu Jian
Yredelemnul
Beogh
Jiyva

Shops:
D:11 }   D:14 %   Orc:2 *%:(

Portals:
Abyss: Spider:2

Annotations:
D:5 1 runed translucent door, Sedillia's ghost, novice OpAs
D:8 2 transporters
Lair:4 exclusion: 2 oklob plants
Spider:2 1 transporter


Innate Abilities, Weirdness & Mutations

You are resistant to damage.
You can heal yourself by infusing magical energy.
You resist negative energy. (rN+)
You passively map a large area around you.
You do not regenerate.
You have sharp fingernails.
You are frail. (-10% HP)
Your magical capacity is low. (-10% MP)
[Scrolls take you much longer to read.]
[You are very clumsy. (Dex -4)]
[Armour fits poorly on your strangely shaped body.]
[Your body often deteriorates upon taking damage.]
[You are very dopey. (Int -4)]
[You occasionally shout uncontrollably at your foes.]
[You are often teleported next to monsters.]
[You are very weak. (Str -4)]
[Your spells are much easier to cast, but much less powerful.]


Message History

You feel much better. The neqoxec gestures at you.
You feel dopey. Something feeds on your intellect!
The tentacled starspawn bites you!
* * * LOW HITPOINT WARNING * * *
You block the tentacled starspawn's attack.
The starspawn tentacle constricts you.
The small abomination barely misses you.
The reaper hits you but does no damage. The neqoxec barely misses you.
The tentacled starspawn bites you!
* * * LOW HITPOINT WARNING * * *
The tentacled starspawn engulfs you but does no damage.
A starcursed mass comes into view.
You block the small abomination's attack.
The starspawn tentacle constricts you.
A demon appears!
The large abomination misses your Executioner.
The neqoxec gestures.
The reaper hits you from afar with a +1 scythe!!
You die...

.## # ... #.. #..
....# # #.. ... .. # #
. .. # #....##.##.#.
#.
)#..##..#........###
## #.## ##.##.....#...
.
##...###..............
#.....#......X........
. . ........1wX2......
. ..
..#....#3@x>.#.... ..#
# . ###...##.w.##. ..
.# ##. #.# .45..#.. #
. #. . #............ #
# # .#####.......#
#...# #........ ####
X..#... ..###.. #. .


You could see a starcursed mass, a tentacled starspawn, a reaper, a large
abomination, a neqoxec, a chaos spawn, a small abomination, 2 starspawn
tentacles, a crimson imp (summoned) and a friendly Executioner (summoned).

Vanquished Creatures
  2 bone dragons
  A lich (Abyss:4)
  A tentacled monstrosity (Abyss:4)
  Rupert (D:15)
  Gastronok (Lair:2)
  7 tentacled starspawn
  The ghost of Qafumib the Timeless, an adept BaMo of Cheibriados (Spider:2)
  A frost giant (Shoals:4)
  3 emperor scorpions
  A ghost moth (Spider:4)
  A deep elf elementalist (Abyss:2)
  An angel (Abyss:4)
  A deep elf demonologist (Abyss:2)
  A lorocyproca (Abyss:3)
  3 merfolk javelineers
  3 merfolk impalers
  2 jiangshi (Abyss:4)
  Fannar (Lair:2)
  2 rakshasas
  3 hydras
  4 two-headed ogres
  Erica (D:10)
  An anaconda (Lair:6)
  2 centaur warriors (D:15)
  A merfolk avatar (Shoals:4)
  A satyr (Shoals:4)
  A death yak (Lair:6)
  A tengu warrior (D:15)
  2 vampire magi
  4 merfolk aquamancers
  A titan zombie (D:15)
  5 thrashing horrors
  2 soul eaters
  5 hell hogs (Abyss:4)
  4 orc high priests
  A titan skeleton (Abyss:5)
  Sonja (D:12)
  2 sixfirhies
  A storm dragon skeleton (D:15)
  8 wretched stars
  5 sea snakes
  A shadow wraith (Abyss:3)
  3 spatial maelstroms
  An unseen horror (D:15)
  2 skeletal warriors (D:15)
  27 large abominations
  An anaconda zombie (Abyss:4)
  A glowing orange brain (Spider:2)
  14 wolf spiders
  A wolf spider zombie (D:15)
  9 harpies (Shoals:4)
  A phantasmal warrior (Abyss:2)
  8 orb spiders
  5 orc knights
  A necromancer (D:15)
  6 orc sorcerers (Orc:2)
  3 cyclopes
  4 manticores
  3 fauns (Shoals:2)
  6 ugly things
  2 moths of wrath (Spider:4)
  A worldbinder (Abyss:2)
  3 merfolk sirens
  A salamander (shapeshifter) (D:15)
  A fire giant skeleton (Abyss:4)
  A rust devil (Abyss:3)
  2 apocalypse crabs
  A guardian serpent (Abyss:2)
  2 water nymphs
  5 elephants
  2 black mambas
  5 smoke demons
  A gargoyle (D:15)
  7 spiny frogs
  An orange demon (Abyss:2)
  3 kobold demonologists
  Maggie (D:10)
  5 centaur skeletons
  3 efreet
  11 demonic crawlers
  4 komodo dragons
  A redback zombie (D:15)
  A tormentor (Abyss:3)
  6 tengu conjurers
  8 ancient zymes
  2 hellwings
  12 jumping spiders
  17 merfolk
  5 trolls
  A polar bear (shapeshifter) (D:15)
  A raiju (shapeshifter) (Abyss:2)
  3 dream sheep (Shoals:3)
  A slime creature (D:15)
  A snapping turtle (Shoals:2)
  12 blink frogs
  11 hippogriffs
  17 raiju
  A centaur simulacrum (D:15)
  35 redbacks
  A spriggan (D:8)
  4 flying skulls (Abyss:4)
  19 water elementals
  A deep troll skeleton (D:15)
  5 ynoxinuls
  2 wyverns
  3 wraiths
  39 yaks
  A fire elemental (Abyss:4)
  11 tarantellas
  7 basilisks
  A hungry ghost (D:10)
  4 chaos spawn
  11 fire bats
  3 vampire mosquitoes (D:14)
  9 neqoxecs
  A spatial vortex (Abyss:2)
  A steam dragon (D:12)
  Edmund (D:5)
  A torturous demonspawn zombie (Abyss:3)
  4 insubstantial wisps (Abyss:4)
  4 wargs
  A soldier ant (D:12)
  14 water moccasins
  30 orc warriors
  4 porcupines
  4 ice beasts
  A floating eye (Lair:4)
  4 sky beasts
  A hornet zombie (D:15)
  A phantom (D:7)
  10 wolves
  15 ogres
  11 crocodiles
  3 eyes of draining
  11 centaurs
  11 small abominations
  5 big kobolds
  18 bullfrogs
  A gnoll sergeant (D:8)
  2 wyvern zombies (D:10)
  A water moccasin zombie (D:9)
  4 scorpions
  9 killer bees
  7 wights
  5 howler monkeys
  4 electric eels (D:15)
  3 centaur zombies
  6 crimson imps
  33 starcursed masses
  2 bullfrog zombies
  A jelly (D:12)
  3 quasits
  6 hounds
  Crazy Yiuf (D:4)
  27 orc priests
  An iron imp (Abyss:2)
  A bullfrog skeleton (D:11)
  Jessica (D:2)
  Ijyb (D:3)
  5 iguanas
  21 orc wizards
  10 worker ants
  A hound skeleton (D:8)
  Robin (D:2)
  A worker ant zombie (D:7)
  11 adders
  8 gnolls
  3 shadow imps
  4 white imps
  2 oozes (D:1)
  2 ufetubi (Abyss:3)
  An adder zombie (D:6)
  4 adder skeletons
  2 dart slugs
  4 leopard geckos
  104 orcs
  4 giant cockroaches
  13 goblins
  6 hobgoblins
  6 jackals (D:3)
  2 quokkas
  4 bats
  2 frilled lizards
  11 kobolds
  A leopard gecko zombie (D:6)
  A quokka skeleton (D:5)
  3 rats (D:3)
  4 fungi
  2 lurking horrors
  9 plants
  11 starspawn tentacles
1043 creatures vanquished.

Vanquished Creatures (collateral kills)
  Saint Roka (Orc:2)
  A bone dragon (Abyss:2)
  A tentacled starspawn (Abyss:3)
  An emperor scorpion (Spider:4)
  A cacodemon (Spider:2)
  3 ghost moths (Spider:4)
  A draconian scorcher (Abyss:4)
  A very ugly thing (Abyss:3)
  A draconian annihilator (Abyss:4)
  An entropy weaver (Spider:3)
  A spark wasp (Spider:4)
  2 dire elephants (Lair:6)
  A great orb of eyes (Abyss:4)
  A jiangshi (Abyss:4)
  2 merfolk impalers (Shoals:4)
  5 hydras
  2 merfolk avatars (Shoals:4)
  An alligator snapping turtle (Shoals:4)
  2 orc high priests (Orc:2)
  3 death yaks (Lair:6)
  2 merfolk aquamancers (Shoals:4)
  7 thrashing horrors
  3 large abominations
  A soul eater (Abyss:2)
  2 sea snakes
  2 glowing orange brains
  7 harpies (Shoals:4)
  2 orc sorcerers (Orc:2)
  An ugly thing (D:11)
  A wizard (Spider:2)
  6 orb spiders
  12 wolf spiders
  2 fauns (Shoals:4)
  4 manticores (Shoals:4)
  A fire giant skeleton (Abyss:3)
  A stone giant skeleton (D:15)
  An apocalypse crab (Spider:2)
  A water nymph (Shoals:4)
  A freezing wraith (Abyss:2)
  A tormentor (Abyss:4)
  2 ancient zymes (Abyss:3)
  2 demonic crawlers
  4 jumping spiders (Spider:4)
  3 wind drakes (Shoals:4)
  7 merfolk
  3 hornets (Spider:4)
  7 raiju
  3 hippogriffs (Lair:6)
  A snapping turtle (Shoals:4)
  10 redbacks
  5 tarantellas
  A fire elemental (Abyss:4)
  2 vampires (Abyss:4)
  2 yaks
  4 water elementals
  4 fire bats
  A chaos spawn (Abyss:4)
  2 small abominations (Abyss:4)
  2 orc warriors (Orc:2)
  An ice beast (D:11)
  An eye of draining (Abyss:3)
  2 wolves (Lair:6)
  12 starcursed masses
  2 orc wizards (Orc:2)
  3 orc priests (Orc:2)
  5 orcs
  A fungus (Lair:4)
  3 starspawn tentacles
185 creatures vanquished.

Vanquished Creatures (others)
  A vampire mage (Abyss:4)
  An unseen horror (D:15)
  A hungry ghost (D:12)
  A sky beast (D:7)
  2 small abominations (Abyss:4)
  An orc wizard (D:12)
  An orc (D:12)
  A demonic plant (Abyss:3)
  4 fungi
  9 plants
  25 starspawn tentacles
  A withered plant (D:15)
48 creatures vanquished.

Grand Total: 1276 creatures vanquished

Notes
Turn   | Place    | Note
-------+----------+-------------------------------------------
     0 | D:1      | Flugkiller the Deep Dwarf Fighter began the quest for the
                  | Orb.
     0 | D:1      | Reached XP level 1. HP: 20/20 MP: 1/1
    76 | D:1      | Reached XP level 2. HP: 25/27 MP: 2/2
   179 | D:2      | Noticed Jessica
   183 | D:2      | Killed Jessica
   183 | D:2      | Reached skill level 3 in Axes
   183 | D:2      | Reached XP level 3. HP: 32/34 MP: 3/3
   292 | D:2      | Noticed Robin
   321 | D:2      | Killed Robin
   321 | D:2      | Reached XP level 4. HP: 22/42 MP: 4/4
   499 | D:3      | Found a stormy altar of Qazlal.
   716 | D:3      | Noticed Ijyb
   738 | D:3      | Killed Ijyb
   738 | D:3      | Reached skill level 4 in Axes
   738 | D:3      | Reached XP level 5. HP: 47/49 MP: 5/5
   872 | D:3      | Found a burning altar of Makhleb.
   873 | D:3      | Found a radiant altar of Vehumet.
   890 | D:3      | Became a worshipper of Makhleb the Destroyer
  1133 | D:4      | Reached skill level 1 in Invocations
  1133 | D:4      | Reached XP level 6. HP: 56/56 MP: 6/6
  1222 | D:4      | Reached skill level 5 in Axes
  1264 | D:4      | Reached * piety under Makhleb
  1295 | D:4      | Reached XP level 7. HP: 33/63 MP: 7/7
  1417 | D:4      | Reached skill level 5 in Shields
  1549 | D:4      | Found a runed translucent door.
  1550 | D:4      | Noticed Crazy Yiuf
  1748 | D:4      | Found a shimmering blue altar of Sif Muna.
  2032 | D:4      | Killed Crazy Yiuf
  2032 | D:4      | Reached skill level 5 in Armour
  2061 | D:5      | Entered Level 5 of the Dungeon
  2091 | D:5      | Reached skill level 6 in Axes
  2264 | D:5      | Reached XP level 8. HP: 57/73 MP: 8/8
  2297 | D:5      | Noticed Sedillia's ghost (novice OpAs)
  2298 | D:5      | Found a runed translucent door.
  2452 | D:5      | Noticed Edmund
  2472 | D:5      | Killed Edmund
  2886 | D:6      | Found a staircase to the Ecumenical Temple.
  3013 | D:6      | Reached skill level 7 in Axes
  3616 | D:7      | Reached skill level 5 in Fighting
  3616 | D:7      | Reached skill level 5 in Invocations
  3832 | D:7      | Gained mutation: You passively map the area around you.
                  | [Deep Dwarf growth]
  3832 | D:7      | Reached XP level 9. HP: 46/81 MP: 9/9
  3871 | D:7      | Reached skill level 8 in Axes
  4086 | D:7      | Reached ** piety under Makhleb
  4320 | D:7      | Found an ornate altar of the Wu Jian Council.
  4320 | D:7      | Found a hide-covered altar of Uskayaw.
  4659 | D:8      | Reached skill level 9 in Axes
  4827 | D:8      | Found a transporter.
  4829 | D:8      | Found a transporter.
  4830 | D:8      | Noticed a freezing wraith
  4840 | D:8      | Found an iron altar of Okawaru.
  4840 | D:8      | Found a sacrificial altar of Ru.
  4841 | D:8      | Found an ancient bone altar of Kikubaaqudgha.
  5314 | D:9      | Reached XP level 10. HP: 85/91 MP: 11/11
  5428 | D:9      | Reached *** piety under Makhleb
  5523 | D:9      | Noticed a two-headed ogre
  5533 | D:9      | Killed a two-headed ogre
  5533 | D:9      | Reached skill level 10 in Axes
  5802 | D:10     | Entered Level 10 of the Dungeon
  5826 | D:10     | Found a white marble altar of Elyvilon.
  6134 | D:10     | Noticed Maggie
  6160 | D:10     | Killed Maggie
  6274 | D:10     | Noticed a two-headed ogre
  6289 | D:10     | Killed a two-headed ogre
  6324 | D:10     | Noticed Erica
  6337 | D:10     | Killed Erica
  6337 | D:10     | Reached **** piety under Makhleb
  6337 | D:10     | Reached skill level 11 in Axes
  6337 | D:10     | Reached XP level 11. HP: 56/100 MP: 12/12
  6807 | D:11     | Found a staircase to the Lair.
  6848 | D:11     | Found Bubrelas's Gadget Shoppe.
  6929 | D:11     | Noticed a seven-headed hydra
  6950 | D:11     | Killed a 13-headed hydra
  7227 | D:11     | Noticed a white ugly thing
  7242 | D:11     | Killed a white ugly thing
  7628 | Lair:1   | Entered Level 1 of the Lair of Beasts
  7750 | Lair:1   | Reached skill level 12 in Axes
  8590 | Lair:2   | You fall into a shaft and drop 1 floor!
  8672 | Lair:3   | Reached skill level 10 in Invocations
  9032 | Lair:3   | Reached XP level 12. HP: 110/110 MP: 14/14
  9198 | Lair:3   | Found a hide-covered altar of Uskayaw.
  9565 | Lair:2   | Noticed Gastronok
  9586 | Lair:2   | Killed Gastronok
 10016 | Lair:2   | Reached skill level 13 in Axes
 10021 | Lair:2   | Reached skill level 10 in Shields
 10044 | Lair:2   | Noticed Fannar
 10073 | Lair:2   | Killed Fannar
 10120 | Lair:2   | Found a staircase to the Shoals.
 10294 | Lair:4   | Noticed a six-headed hydra
 10307 | Lair:4   | Killed a ten-headed hydra
 10307 | Lair:4   | Reached skill level 10 in Armour
 10389 | Lair:4   | Found a hole to the Spider Nest.
 10455 | Lair:4   | Noticed a five-headed hydra
 10463 | Lair:4   | Killed a ten-headed hydra
 11347 | Lair:5   | Noticed a four-headed hydra
 11354 | Lair:5   | Killed a seven-headed hydra
 11990 | Lair:6   | Entered Level 6 of the Lair of Beasts
 12004 | Lair:6   | Reached XP level 13. HP: 109/120 MP: 16/16
 12167 | Lair:6   | Reached skill level 14 in Axes
 12311 | Lair:6   | Found a basalt altar of Yredelemnul.
 12406 | Lair:6   | Found a viscous altar of Jiyva.
 12406 | Lair:6   | Found a staircase to the Slime Pits.
 13139 | Lair:6   | Noticed a dire elephant
 13139 | Lair:6   | Noticed a dire elephant
 13155 | Lair:6   | Killed a dire elephant
 13160 | Lair:6   | Killed a dire elephant
 13180 | Lair:6   | Noticed a dire elephant
 13369 | D:12     | Noticed Sonja
 13406 | D:12     | Killed Sonja
 13665 | D:14     | Got a vibrating glass ring
 13856 | D:14     | Found Uxtueseng's Food Emporium.
 14146 | D:15     | Entered Level 15 of the Dungeon
 14164 | D:15     | Found a white marble altar of Elyvilon.
 14166 | D:15     | Noticed Rupert
 14306 | D:12     | Reached skill level 15 in Axes
 14404 | D:12     | Found a staircase to the Orcish Mines.
 14451 | Orc:1    | Entered Level 1 of the Orcish Mines
 14481 | Orc:1    | Reached ***** piety under Makhleb
 14508 | Orc:1    | You fall into a shaft and drop 1 floor!
 14508 | Orc:2    | Entered Level 2 of the Orcish Mines
 14509 | Orc:2    | Found a roughly hewn altar of Beogh.
 14509 | Orc:2    | Noticed Saint Roka
 14535 | Orc:2    | Killed Saint Roka
 14535 | Orc:2    | Gained mutation: You resist negative energy. (rN+) [Deep
                  | Dwarf growth]
 14535 | Orc:2    | Reached XP level 14. HP: 67/130 MP: 16/16
 14622 | Orc:2    | Found Foech's Food Emporium.
 14683 | Orc:2    | Found Vokhlaiv's Assorted Antiques.
 14721 | Orc:2    | Bought a scroll of magic mapping for 73 gold pieces
 15170 | Orc:2    | Found a roughly hewn altar of Beogh.
 15224 | Orc:2    | Found Puumonel's Book Boutique.
 15239 | Orc:2    | Reached skill level 10 in Fighting
 15250 | Orc:2    | Found Gafy Emeuna's Weapon Shop.
 15811 | Orc:2    | Found a staircase to the Elven Halls.
 16276 | Orc:2    | Identified the ring "Edaoxt" {+Fly rC++ Int+6 Stlth+} (You
                  | found it on level 14 of the Dungeon)
 16578 | D:15     | Killed Rupert
 16594 | D:15     | Reached skill level 16 in Axes
 16680 | D:15     | Reached ****** piety under Makhleb
 17081 | D:15     | Reached XP level 15. HP: 133/140 MP: 17/17
 17436 | D:15     | Found a staircase to the Depths.
 18022 | Spider:1 | Entered Level 1 of the Spider Nest
 18375 | Spider:2 | Found a transporter.
 18378 | Spider:2 | Found a transporter.
 18418 | Spider:2 | Found a one-way gate to the infinite horrors of the Abyss.
 18420 | Spider:2 | Noticed Qafumib's ghost (adept BaMo)
 18504 | Spider:2 | Reached skill level 17 in Axes
 18696 | Spider:4 | Entered Level 4 of the Spider Nest
 19224 | Spider:4 | Killed a ghost moth
 19224 | Spider:4 | Killed a ghost moth
 19244 | Spider:4 | Reached XP level 16. HP: 90/150 MP: 0/13
 19376 | Spider:4 | Got a gossamer rune of Zot
 19669 | Shoals:1 | Entered Level 1 of the Shoals
 19752 | Shoals:2 | Reached skill level 15 in Invocations
 19763 | Shoals:2 | Reached skill level 1 in Evocations
 20055 | Shoals:2 | Reached skill level 18 in Axes
 20280 | Shoals:4 | Entered Level 4 of the Shoals
 20504 | Shoals:4 | Reached skill level 5 in Evocations
 20573 | Shoals:4 | Got a barnacled rune of Zot
 21034 | Spider:2 | Paralysed by accursed screaming for 1 turns
 21038 | Spider:2 | Paralysed by accursed screaming for 1 turns
 21043 | Spider:2 | Gained mutation: [Your body sometimes deteriorates upon
                  | taking damage.] [mutagenic glow]
 21044 | Spider:2 | Paralysed by accursed screaming for 2 turns
 21057 | Spider:2 | Paralysed by accursed screaming for 1 turns
 21065 | Spider:2 | Gained mutation: [Your body often deteriorates upon taking
                  | damage.] [a cacodemon]
 21069 | Spider:2 | Reached XP level 17. HP: 75/160 MP: 4/9
 21079 | Spider:2 | Killed Qafumib's ghost
 21127 | Spider:2 | Got a flickering jade ring
 21143 | Spider:2 | Identified the ring "Zodefym" {rElec MR+ Int-4 Dex+4} (You
                  | found it on level 2 of the Spider Nest)
 21148 | Spider:2 | Voluntarily entered the Abyss.
 21178 | Abyss:2  | Found a corrupted altar of Lugonu.
 21345 | Abyss:2  | Lost mutation: [Your body often deteriorates upon taking
                  | damage.] [a neqoxec]
 21351 | Abyss:2  | Lost mutation: [Your body sometimes deteriorates upon
                  | taking damage.] [a neqoxec]
 21441 | Abyss:2  | Gained mutation: You have sharp fingernails. [a neqoxec]
 21442 | Abyss:2  | Gained mutation: [You are dopey. (Int -2)] [a neqoxec]
 21448 | Abyss:2  | Noticed a bone dragon
 21461 | Abyss:2  | Paralysed by accursed screaming for 1 turns
 21469 | Abyss:2  | Paralysed by accursed screaming for 2 turns
 21498 | Abyss:2  | Killed a bone dragon
 21681 | Abyss:2  | Reached skill level 15 in Shields
 21754 | Abyss:2  | Reached skill level 15 in Armour
 22071 | Abyss:2  | Gained mutation: [Scrolls take you a little longer to
                  | read.] [a neqoxec]
 22072 | Abyss:2  | Gained mutation: [Your spells are a little easier to cast,
                  | but a little less powerful.] [a neqoxec]
 22132 | Abyss:3  | Found a stormy altar of Qazlal.
 22620 | Abyss:3  | Found a corrupted altar of Lugonu.
 22655 | Abyss:4  | Got a pair of warped boots
 22658 | Abyss:4  | Identified the +1 pair of boots of the Tuna {Str+5} (You
                  | found it on level 4 of the Abyss)
 22719 | Abyss:4  | Noticed a tentacled monstrosity
 22727 | Abyss:4  | Noticed a lich
 22733 | Abyss:4  | Killed a tentacled monstrosity
 22733 | Abyss:4  | Gained mutation: Your magical capacity is low. (-10% MP) [a
                  | neqoxec]
 22739 | Abyss:4  | Killed a lich
 22834 | Abyss:4  | Gained mutation: You passively map a large area around you.
                  | [Deep Dwarf growth]
 22834 | Abyss:4  | Reached XP level 18. HP: 156/174 MP: 4/4
 22944 | Abyss:4  | Noticed a bone dragon
 22980 | Abyss:4  | Killed a bone dragon
 23034 | Abyss:4  | Noticed a bone dragon
 23069 | Abyss:5  | Entered Level 5 of the Abyss
 23159 | Abyss:5  | Noticed a bone dragon
 23185 | Abyss:5  | Killed a bone dragon
 23214 | Abyss:5  | Reached skill level 15 in Fighting
 23244 | Abyss:5  | Found a corrupted altar of Lugonu.
 23278 | Abyss:5  | Lost intelligence.
 23280 | Abyss:5  | Gained mutation: You are frail. (-10% HP) [a neqoxec]
 23284 | Abyss:5  | Slain by a reaper

Illustrated notes

Levels and vault maps discovered:
D:1:      psy_arrival_radial02, layout_loops_ring
D:2:      layout_loops_corners, uniq_robin, uniq_jessica
D:3:      layout_basic, grunt_temple_overflow_lords_of_destruction,
          grunt_qazlal_sundering, kennysheep_generic_room_10, uniq_ijyb
D:4:      layout_basic, lemuel_round_altar, first_ration,
          uniq_crazy_yiuf_cottage
D:5:      layout_cave_pods, hellmonk_ghost_happy_afterlife, uniq_edmund
D:6:      layout_loops_corners, minmay_temple_entry_offerings,
          hangedman_glass_garden
D:7:      layout_loops_corners, gammafunk_temple_overflow_statue
D:8:      layout_basic, gammafunk_temple_overflow_arena, the_bakery,
          kennysheep_generic_room_9
D:9:      layout_roguey, hangedman_abyss_or_decor_stabs, moated_statue
D:10:     layout_basic, basic_altar, uniq_maggie, uniq_erica
D:11:     layout_long_grid, david_lair_generic, serial_shops, shop
D:12:     layout_loops_ring, david_orc_3, gammafunk_ghost_grave, uniq_sonja,
          uniq_erolcha
D:13:     layout_gridville, grunt_vaults_entry_tiered
D:14:     layout_grid_maze, serial_shops, shop, amethyst_killhole
D:15:     gammafunk_depths_entry_grave, layout_basic,
          hangedman_abyss_or_decor_stagger, serial_bayou, serial_bayou_ford_a,
          serial_bayou_pond_d, serial_bayou_pond_e, serial_bayou_pond_b,
          elyvilon_altar_5, uniq_rupert
Lair:1:   layout_cave_pods, columned_hall_lemuel, serial_bayou_shore_b
Lair:2:   layout_regular_city, elwin_shoals_entry_rooms, uniq_fannar,
          uniq_gastronok
Lair:3:   layout_cave_pods, basic_altar, grunt_megastairs_4
Lair:4:   layout_long_grid, spider_nest_entry_a, disabler_island
Lair:5:   layout_layer_cave
Lair:6:   due_jungle_book, layout_regular_city, slime_altar_1, basic_altar
Shoals:1: layout_shoals, gammafunk_ghost_tricky_traps,
          nicolae_shoals_cliffside_cave, uniq_josephine
Shoals:2: layout_shoals, nicolae_shoals_wave_tunnel
Shoals:3: layout_shoals
Shoals:4: shoals_end_grunt_ice, layout_shoals
Spider:1: layout_spider_delve, guppyfry_spider_mini_3, uniq_asterion
Spider:2: layout_spider_delve, gammafunk_ghost_abyssal_escape, drop_trap,
          hangedman_spider_mandibles
Spider:3: nicolae_spider_mines_1, drop_trap, uniq_bai_suzhen
Spider:4: grunt_spider_rune_island
Orc:1:    layout_caves, serial_shops, nicolae_shop_stone, basic_altar, uniq_urug
Orc:2:    pubby_orc_utopia, serial_shops
Abyss:5:  base: Spider:2, evilmike_abyss_exit_12, hangedman_abyss_feature_spike,
          gammafunk_abyss_rune_reverse_zot, evilmike_abyss_exit_12,
          gammafunk_abyss_rune_reverse_zot, gammafunk_abyss_exit_x_factor,
          minivault_28

Skill      XL: |  1  2  3  4  5  6  7  8  9 10 11 12 13 14 15 16 17 18 |
---------------+-------------------------------------------------------+-----
Fighting       | 3 4 5 6 7 8 9 10 11 12 13 15 | 15.0
Axes           | 3 4 5 6 7 9 11 12 13 15 16 17 18 | 18.0
Shields        | 4 5 6 7 8 9 10 11 12 13 14 15 | 15.0
Armour         | 4 5 6 7 8 9 10 11 12 13 14 16 17 | 17.4
Invocations    | 1 2 3 5 7 8 10 11 12 13 14 15 | 15.0
Evocations     | 6 8 |  8.0

Action                   |  1- 3 |  4- 6 |  7- 9 | 10-12 | 13-15 | 16-18 || total
-------------------------+-------+-------+-------+-------+-------+-------++-------
Melee: War axe           |    67 |   218 |   462 |   836 |  1683 |  1524 ||  4790
       Hand axe          |       |       |     2 |       |       |       ||     2
Invok: Lesser Servant of |       |       |       |    11 |    18 |     4 ||    33
       Greater Servant o |       |       |       |       |     6 |    18 ||    24
 Abil: Heal Wounds       |       |     4 |    10 |     9 |    33 |    43 ||    99
Evoke: Wand              |       |       |       |       |     1 |       ||     1
       Tin of tremorston |       |       |       |       |       |     3 ||     3
  Use: Scroll            |       |       |     6 |    10 |    11 |     7 ||    34
       Potion            |       |       |     1 |       |     4 |     3 ||     8
 Stab: Distracted        |       |       |       |     2 |    12 |    12 ||    26
       Invisible         |       |       |       |       |       |     5 ||     5
  Eat: Chunk             |       |     2 |    10 |    17 |    25 |     8 ||    62
       Ration            |       |       |     1 |     2 |     1 |     2 ||     6
Armor: Scale mail        |    35 |   117 |   161 |       |       |       ||   313
       Chain mail        |       |       |   105 |   409 |   370 |       ||   884
       Plate armour      |       |       |       |       |   906 |  1187 ||  2093
Dodge: Dodged            |    21 |    70 |   151 |   185 |   457 |   398 ||  1282
Block: Kite shield       |    44 |   122 |   304 |   477 |  1114 |  1166 ||  3227
